 Seeded DCSS version 0.30.1-4-g462c640d31 (webtiles) character file.

Game seed: 15660985446129201502 (custom seed)

10 AccursedSamuel the Cudgeller (level 2, 9/19 HPs)
             Began as a Tengu Monk on Sept 14, 2023.
             Quit the game on level 1 of the Dungeon.
             The game lasted 00:00:57 (156 turns).

AccursedSamuel the Cudgeller (Tengu Monk)            Turns: 156, Time: 00:00:58

Health: 9/19       AC:  2    Str: 11    XL:     2   Next: 20%
Magic:  3/3        EV: 13    Int: 10    God:
Gold:   33         SH:  0    Dex: 16    Spells: 1/1 levels left

rFire   . . .        a - +0 mace
rCold   . . .        d - orb {light}
rNeg    . . .        b - +0 robe
rPois   .            (helmet restricted)
rElec   .            (no cloak)
rCorr   .            (no gloves)
SInv    .            (boots unavailable)
Will    .....        (no amulet)
Stlth   +            (no ring)
HPRegen 0.23/turn    (no ring)
MPRegen 0.08/turn

%: no passive effects
@: glowing
A: beak, talons 3
a: no special abilities


You were on level 1 of the Dungeon.
You visited 1 branch of the dungeon, and saw 1 of its levels.

You collected 33 gold pieces.

Inventory:

Hand Weapons
 a - a +0 mace (weapon)
Armour
 b - a +0 robe (worn)
 d - an orb of light (worn)
Scrolls
 e - a scroll of acquirement
Potions
 c - a potion of ambrosia


   Skills:
 + Level 3.2 Fighting
 + Level 3.5 Maces & Flails
 + Level 3.5 Dodging


You had one spell level left.
You didn't know any spells.
Your spell library was empty.

Dungeon Overview and Level Annotations

Branches:
Dungeon (1/15)

Altars:


Innate Abilities, Weirdness & Mutations

You have a beak for a mouth.
You have claws for feet.


Message History

Found a scroll labelled YBOGRIHULO.
A goblin comes into view. It is wielding a +0 dagger.
You see here 18 gold pieces.
The goblin hits you with a +0 dagger. The goblin attacks as you move away!
The goblin hits you with a +0 dagger. The goblin hits you with a +0 dagger.
The goblin attacks as you move away! The goblin hits you but does no damage.
The goblin attacks as you move away! The goblin hits you with a +0 dagger.
The goblin attacks as you move away! The goblin hits you but does no damage.
You see here a bat corpse.
The goblin attacks as you move away! The goblin completely misses you.
The goblin attacks as you move away! The goblin hits you with a +0 dagger.
* * * LOW HITPOINT WARNING * * *
The goblin attacks as you move away! The goblin hits you with a +0 dagger.
* * * LOW HITPOINT WARNING * * *
You barely miss the goblin. The goblin barely misses you. x2
You hit the goblin. Your kick misses the goblin. Your peck misses the goblin.
The goblin is moderately wounded.
The goblin closely misses you. The goblin hits you but does no damage.
You hit the goblin. You peck the goblin.
You kill the goblin!
The goblin barely misses you. The goblin hits you with a +0 dagger.
* * * LOW HITPOINT WARNING * * *
You see here a +0 dagger.
The goblin attacks as you move away! The goblin hits you with a +0 dagger.
* * * LOW HITPOINT WARNING * * *
You see here a bat corpse.
The goblin attacks as you move away! The goblin closely misses you.
You hit the goblin.
You kill the goblin!
Things that are here:
a +0 dagger; a bat corpse You see here a +0 dagger.
Things that are here:
a +0 dagger; a bat corpse You now have 33 gold pieces (gained 18).
e - a scroll labelled YBOGRIHULO This is a scroll of acquirement!
Are you sure you want to abandon this character and quit the game? (Confirm with "yes".)

#.# ##......# #.#
##.......##
#.###.........# ###
#..)).........######
#<##
#.###.....)........#
##.## #.#
##.......#.....###
#..## #.#
##.....##.......#
##..## #.#
##...###.....#.#
#...## ##.# ##.##
#.@...# # ##...##
...# #.# #######
#....## .### #.#
##....# .# #..... .#
##.... .# #.# #....
.# ... ##... .# #.#
#... .# #.# ###.


There were no monsters in sight!

Vanquished Creatures
  2 goblins (D:1)
  A hobgoblin (D:1)
  A kobold (D:1)
  A quokka (D:1)
  A ball python (D:1)
  A bat (D:1)
  3 rats (D:1)
10 creatures vanquished.

Notes
Turn   | Place    | Note
-------+----------+-------------------------------------------
     0 | D:1      | AccursedSamuel the Tengu Monk began the quest for the Orb.
     0 | D:1      | Reached XP level 1. HP: 14/14 MP: 2/2
    75 | D:1      | Reached XP level 2. HP: 19/19 MP: 3/3
   156 | D:1      | Identified a scroll of acquirement
   156 | D:1      | Quit the game

Illustrated notes

Levels and vault maps discovered:
D:1:      minmay_arrival_pointy, layout_loops_ring, minmay_gold_behind_fungi

Action                     || total
---------------------------++-------
  Melee: Mace              ||    20
         Kick              ||     2
         Peck              ||     2
 Armour: Robe              ||     8
  Dodge: Dodged            ||    22
